 Dungeon Crawl Stone Soup version 0.31-a0-1549-g5ff9445e89 (webtiles) character file.

Game seed: 14315085070250174884

9 innerfire43 the Grave Robber (level 2, -2/21 HPs)
             Began as a Demonspawn Wanderer on Jan 2, 2024.
             Frozen to death by an endoplasm (5 damage)
             ... on level 1 of the Dungeon.
             The game lasted 00:02:41 (262 turns).

innerfire43 the Grave Robber (Demonspawn Wanderer)   Turns: 262, Time: 00:02:41

Health: -2/21      AC:  4    Str: 12    XL:     2   Next: 3%
Magic:  1/3        EV: 11    Int: 11    God:
Gold:   49         SH:  0    Dex: 13    Spells: 2/3 levels left

rFire   . . .        a - +0 dagger
rCold   . . .        (no shield)
rNeg    . . .        d - +0 leather armour
rPois   .            b - +0 helmet
rElec   .            (no cloak)
rCorr   .            (no gloves)
SInv    .            (no boots)
Will    .....        h - amulet of magic regeneration
Stlth   +            (no ring)
HPRegen 0.23/turn    (no ring)
MPRegen 0.48/turn

%: no passive effects
@: no status effects
A: demonic guardian 1
a: no special abilities


You were on level 1 of the Dungeon.
You visited 1 branch of the dungeon, and saw 1 of its levels.

You collected 49 gold pieces.

Inventory:

Hand Weapons
 a - a +0 dagger (weapon)
Armour
 b - a +0 helmet (worn)
 d - a +0 leather armour (worn)
Jewellery
 h - an amulet of magic regeneration (around neck)
Scrolls
 f - 2 scrolls of enchant armour {unknown}
Potions
 c - a potion of haste
 e - a potion of lignification
 g - a potion of curing {unknown}


   Skills:
 + Level 1.2 Fighting
 - Level 1.0 Throwing
 + Level 1.2 Dodging
 - Level 1.7 Unarmed Combat
 + Level 1.2 Spellcasting
 + Level 3.4 Necromancy
 + Level 1.6 Invocations


You had 2 spell levels left.
You knew the following spells:

 Your Spells              Type           Power      Damage    Failure   Level
a - Necrotise             Necr           32%        1d5       10%         1

Your spell library contained the following spells:

 Spells                   Type           Power      Damage    Failure   Level
 Cigotuvi's Dreadful Rot  Necr/Alch/Air  6%         N/A       36%         2
 Animate Dead             Necr           8%         N/A       69%         4
 Mephitic Cloud           Conj/Alch/Air  0%         N/A       77%         3
 Summon Forest            Summ/Tloc      0%         N/A       100%        5
 Monstrous Menagerie      Summ           0%         N/A       100%        7


Dungeon Overview and Level Annotations

Branches:
Dungeon (1/15)

Altars:


Innate Abilities, Weirdness & Mutations

A weak demonic guardian rushes to your aid.


Message History

You hit the endoplasm.
The endoplasm is severely wounded.
The endoplasm freezes you.
You are frozen.
* * * LOW HITPOINT WARNING * * *
You hit the endoplasm.
The endoplasm is almost dead.
The endoplasm freezes you.
You are frozen.
* * * LOW HITPOINT WARNING * * *
You are too injured to fight recklessly!
Aiming: Necrotise (safe; 10% risk of failure)
Press: ? - help, Q - select action Shift-Dir - straight line, f - endoplasm
Aim: an endoplasm (almost dead, chance to affect: 75%)
The endoplasm struggles to resist.
The endoplasm hits you.
* * * LOW HITPOINT WARNING * * *
Aiming: Necrotise (safe; 10% risk of failure)
Press: ? - help, Q - select action Shift-Dir - straight line, f/p - endoplasm
Aim: an endoplasm (almost dead, chance to affect: 75%)
The endoplasm writhes in agony.
You kill the endoplasm!
You have reached level 2!
Your demonic ancestry asserts itself...
You feel the presence of a demonic guardian.
Aiming: Necrotise (safe; 10% risk of failure)
Press: ? - help, Q - select action Shift-Dir - straight line, f - endoplasm
Aim: an endoplasm (chance to affect: 75%)
The endoplasm writhes in agony.
The endoplasm closely misses you.
You don't have enough magic to cast this spell.
Unknown command.
You hit the endoplasm but do no damage.
The endoplasm is severely wounded.
The endoplasm hits you but does no damage.
You hit the endoplasm but do no damage.
The endoplasm is severely wounded.
The endoplasm freezes you.
You are frozen.
You die...

#.# .### ##.# ..# ...#
#.# ...#### #.#####
#.....# #.....) #
......####...# .#####
......#......## #......
..............####....###
.......######...@J.......
.........##....###.......
............##)# ^...##.
......###... ... .......
.###### ##. ##### ....!..
.# #.# ....?.. ## # #
#########... #...<...##..
#8.....8#


You could see an endoplasm.

Vanquished Creatures
  An endoplasm (D:1)
  3 quokkas (D:1)
  2 frilled lizards (D:1)
  2 rats (D:1)
8 creatures vanquished.

Vanquished Creatures (collateral kills)
  A kobold (D:1)
1 creature vanquished.

Grand Total: 9 creatures vanquished

Notes
Turn   | Place    | Note
-------+----------+-------------------------------------------
     0 | D:1      | innerfire43 the Demonspawn Wanderer began the quest for the
                  | Orb.
     0 | D:1      | innerfire43 set off with the following items: a +0 dagger,
                  | a +0 helmet, a potion of haste, a +0 leather armour, a
                  | potion of lignification; and the following spell memorised:
                  | Necrotise; and the following spells available to memorise:
                  | Cigotuvi's Dreadful Rot, Animate Dead.
     0 | D:1      | Reached XP level 1. HP: 15/15 MP: 2/2
   172 | D:1      | Got the Cyclopedia of Amassed Chrysopoeia
   260 | D:1      | Gained mutation: A weak demonic guardian rushes to your
                  | aid. [demonic ancestry]
   260 | D:1      | Reached XP level 2. HP: 3/21 MP: 1/3
   262 | D:1      | Frozen to death by an endoplasm

Illustrated notes

Levels and vault maps discovered:
D:1:      elethiomel_arrival_quiet, layout_rooms

Action                     || total
---------------------------++-------
  Melee: Dagger            ||    34
   Cast: Necrotise         ||    13
 Armour: Leather armour    ||    18
  Dodge: Dodged            ||    26

Table legend: (Time is in decaauts)
 A = Elapsed time spent in this place.
 B = Non-inter-level travel time spent in this place.
 C = Inter-level travel time spent in this place.
 D = Time resting spent in this place.
 E = Time spent auto-exploring this place.
 F = Levels seen in this place.
 G = Mean time per level.
                   A        B        C        D        E       F      G
               +--------+--------+--------+--------+--------+-----+--------+
         Total |    262 |    262 |      0 |      0 |    123 |   1 |  262.0 |
       Dungeon |    262 |    262 |      0 |      0 |    123 |   1 |  262.0 |
               +--------+--------+--------+--------+--------+-----+--------+

Top non-repeatable levels by time:
     D:1: 262 daAuts
